 Dungeon Crawl Stone Soup version 0.19.4-8-ga85b6b9 (webtiles) character file.

60 HeyBub the Gusty (level 3, 0/15 HPs)
             Began as a Felid Air Elementalist on Feb 12, 2017.
             Slain by a hobgoblin
             ... wielding a +0 club
              (2 damage)
             ... on level 3 of the Dungeon.
             The game lasted 00:10:58 (2711 turns).

HeyBub the Gusty (Felid Air Elementalist)           Turns: 2711, Time: 00:10:59

Health: 0/15       AC:  1    Str:  4    XL:     3   Next: 82%
Magic:  6/7        EV: 18    Int: 17    God:
Gold:   149        SH:  0    Dex: 16    Spells: 3 memorised, 2 levels left
                                        Lives:  0   Deaths: 1

rFire  . . .     SeeInvis +       - Unarmed
rCold  . . .     Gourm    .     (armour unavailable)
rNeg   . . .     Faith    .     (shield unavailable)
rPois  .         Spirit   .     (helmet unavailable)
rElec  .         Reflect  .     (cloak unavailable)
rCorr  .         Harm     .     (gloves unavailable)
MR     .....                    (boots unavailable)
Stlth  +++.......               (no amulet)
                                (no ring)
                                (no ring)

@: quick
A: no armour, no weapons or thrown items, stealth, claws 1, fangs 3, see
invisible, carnivore 3, speed 1, shaggy fur 1, slow metabolism 1, sharp paws
a: no special abilities


You were on level 3 of the Dungeon.
You were not hungry.

You visited 1 branch of the dungeon, and saw 3 of its levels.

You collected 149 gold pieces.

Inventory:

Jewellery
 h - a cursed -3 ring of strength {unknown}
Scrolls
 b - a scroll of magic mapping {unknown}
 c - 3 scrolls of identify {unknown}
 i - a scroll of immolation {unknown}
 j - 2 scrolls of amnesia {unknown}
Potions
 d - 3 potions of heal wounds
 e - a potion of curing {unknown}
 f - a potion of invisibility {unknown}
 g - a potion of agility {unknown}
Books
 a - a book of Air

   Spells                             Type                      Level
   a - Shock                          Conjuration/Air              1
   b - Swiftness                      Charms/Air                   2
   c - Repel Missiles                 Charms/Air                   2
   d - Static Discharge               Conjuration/Air              3
   e - Lightning Bolt                 Conjuration/Air              5


   Skills:
 + Level 1.6 Fighting
 + Level 3.1 Dodging
 + Level 2.9 Stealth
 + Level 1.7 Unarmed Combat
 + Level 2.5 Spellcasting
 + Level 1.3 Conjurations
 + Level 3.4 Air Magic


You had 2 spell levels left.
You knew the following spells:

 Your Spells              Type           Power        Failure   Level  Hunger
a - Shock                 Conj/Air       ##..         10%         1    #......
b - Swiftness             Chrm/Air       #.......     17%         2    ##.....
c - Repel Missiles        Chrm/Air       #.....       17%         2    ##.....


Dungeon Overview and Level Annotations

Branches:
Dungeon (3/15)

Altars:


Innate Abilities, Weirdness & Mutations

You cannot wear armour.
You are incapable of wielding weapons or throwing items.
Your paws allow you to move quietly. (Stealth)
You have sharp claws.
You have razor-sharp teeth.
You have supernaturally acute eyesight. (SInv)
You are carnivorous and can eat meat at any time.
You cover ground quickly.
You are covered in fur. (AC +1)
You have a slow metabolism.
Your sharp claws are effective at attacking unaware monsters.


Message History

The hobgoblin misses you.
You scratch the hobgoblin but do no damage.
The hobgoblin barely misses you.
You barely miss the hobgoblin.
The hobgoblin hits you but does no damage.
A hobgoblin comes into view. It is wielding a club.
You scratch the hobgoblin but do no damage.
You feel sick.
You are no longer poisoned.
You scratch the hobgoblin.
You kill the hobgoblin!
You scratch the hobgoblin but do no damage.
The hobgoblin barely misses you.
You scratch the hobgoblin.
The hobgoblin is heavily wounded.
The hobgoblin misses you.
You closely miss the hobgoblin.
The hobgoblin is heavily wounded.
The hobgoblin hits you with a club.
You die...

.#.###............
.................
.................
######........... ## #
#................
...##.#.#..#...........
......#.#######.#.#....
......g...........#.###
...###@#######.#.# #
#...?.....#.#.#
#########.#.# . #.. ..
#.. ## .... ###


You could see a hobgoblin.

Vanquished Creatures
  5 adders
  2 worms (D:2)
  2 dart slugs
  3 leopard geckos (D:2)
  3 giant cockroaches
  4 goblins
  12 hobgoblins
  2 jackals (D:2)
  10 bats
  7 frilled lizards
  5 kobolds
  3 rats
58 creatures vanquished.

Notes
Turn   | Place    | Note
-------+----------+-------------------------------------------
     0 | D:1      | HeyBub the Felid Air Elementalist began the quest for the Orb.
     0 | D:1      | Reached XP level 1. HP: 7/7 MP: 4/4
   159 | D:1      | Reached skill level 1 in Fighting
   223 | D:1      | Reached XP level 2. HP: 9/12 MP: 0/6
   783 | D:2      | Learned a level 2 spell: Swiftness
   786 | D:2      | Learned a level 2 spell: Repel Missiles
   814 | D:2      | Reached XP level 3. HP: 15/15 MP: 5/7
   971 | D:2      | Reached skill level 1 in Unarmed Combat
   971 | D:2      | Reached skill level 1 in Conjurations
  1668 | D:2      | Reached XP level 4. HP: 9/19 MP: 0/8
  2341 | D:3      | Slain by a crimson imp
  2342 | D:3      | Reached XP level 3. HP: 0/15 MP: 1/7
  2711 | D:3      | Slain by a hobgoblin

Skill      XL: |  1  2  3 |
---------------+----------+-----
Fighting       | 1 |  1.6
Air Magic      | 3 |  3.4
Unarmed Combat | 1 |  1.7
Conjurations   | 1 |  1.3
Dodging        | 3 |  3.1
Stealth        | |  2.9
Spellcasting   | |  2.5

Action                   |  1- 3 |  4- 6 || total
-------------------------+-------+-------++-------
Melee: Unarmed           |    24 |    21 ||    45
       Bite              |     2 |     5 ||     7
 Cast: Shock             |   107 |    36 ||   143
       Swiftness         |     1 |     1 ||     2
 Stab: Sleeping          |     2 |       ||     2
  Eat: Meat ration       |       |     2 ||     2
Armor: Skin              |     7 |     1 ||     8
Dodge: Dodged            |    65 |    24 ||    89
